 Dungeon Crawl Stone Soup version 0.22.0-1-g6561e4c (webtiles) character file.

38 mopl the Firebug (level 3, -2/21 HPs)
             Began as an Octopode Fire Elementalist on Aug 12, 2018.
             Slain by Robin
             ... wielding a +0 falchion
              (6 damage)
             ... on level 2 of the Dungeon.
             The game lasted 00:01:59 (1087 turns).

mopl the Firebug (Octopode Fire Elementalist)       Turns: 1087, Time: 00:02:00

Health: -2/21      AC:  1    Str:  7    XL:     3   Next: 43%
Magic:  2/6        EV: 13    Int: 18    God:
Gold:   25         SH:  0    Dex: 12    Spells: 2/6 levels left

rFire    . . .     SeeInvis .   (no weapon)
rCold    . . .     Gourm    .   (no shield)
rNeg     . . .     Faith    .   (helmet restricted)
rPois    .         Spirit   .   (no amulet)
rElec    .         Reflect  .   g - +3 ring of slaying
rCorr    .         Harm     .   (no ring)
MR       .....                  (no ring)
Stlth    +++.......             (no ring)
HPRegen  0.07/turn              (no ring)
MPRegen  0.10/turn              (no ring)
                                (no ring)
                                (no ring)

@: very slightly contaminated
A: almost no armour, stealthy swim, amphibious, 8 rings, constrict 8, camouflage
1, gelatinous body 1
a: no special abilities


You were on level 2 of the Dungeon.
You were not hungry.

You visited 1 branch of the dungeon, and saw 2 of its levels.

You collected 25 gold pieces.

Inventory:

Jewellery
 f - an uncursed ring of ice
 g - a +3 ring of slaying (left tentacle)
 h - an uncursed ring of ice
Scrolls
 d - a scroll of teleportation {unknown}
 e - a scroll of blinking {unknown}
Potions
 a - 3 potions of curing {unknown}
 c - a potion of cancellation {unknown}
Comestibles
 b - 2 rations


   Skills:
 - Level 2.0 Dodging
 - Level 2.6 Stealth
 + Level 2.3 Spellcasting
 * Level 2.1 Conjurations
 * Level 3.6 Fire Magic


You had 2 spell levels left.
You knew the following spells:

 Your Spells              Type           Power        Failure   Level  Hunger
a - Flame Tongue          Conj/Fire      ##...        5%          1    #......
c - Conjure Flame         Conj/Fire      ##......     16%         3    ###....

Your spell library contained the following spells:

 Spells                   Type           Power        Failure   Level  Hunger
 Fireball                 Conj/Fire      ##........   83%         5    ######.
 Throw Flame              Conj/Fire      ##....       9%          2    ##.....
 Sticky Flame             Conj/Fire      ##......     47%         4    #####..
 Inner Flame              Hex/Fire       #.......     26%         3    ###....


Dungeon Overview and Level Annotations

Branches:
Dungeon (2/15)

Altars:

Annotations:
D:2 Robin


Innate Abilities, Weirdness & Mutations

You cannot wear most types of armour.
You are very stealthy in the water. (Stealth+)
You are amphibious.
You can wear up to eight rings at the same time.
You can use your tentacles to constrict eight enemies at once.
Your skin changes colour to match your surroundings (Stealth+).
Your rubbery body absorbs attacks. (AC +1, EV +1)


Message History

Press: ? - help, Shift-Dir - straight line, f/p - Robin
Aim: Robin, wielding a falchion, wearing an animal skin and wearing a helmet (severely wounded, constricted by you)
You miscast Flame Tongue.
The air around you crackles with energy!
You constrict Robin. Robin hits you with a falchion!
* * * LOW HITPOINT WARNING * * *
Unknown command.
Casting: Flame Tongue (safe; 5% risk of failure)
Confirm with . or Enter, or press ? or * to list all spells.
Aiming: Flame Tongue (safe; 5% risk of failure)
Press: ? - help, Shift-Dir - straight line, f/p - Robin
Aim: Robin, wielding a falchion, wearing an animal skin and wearing a helmet (severely wounded, constricted by you)
You miscast Flame Tongue.
You hear a sizzling sound.
You constrict Robin.
Unknown command.
You tentacle-slap Robin but do no damage.
Robin is severely wounded.
You constrict Robin, but do no damage. Robin hits you with a falchion.
You die...

#..
#..#..##.##
#..##..#.....?
....!. ...) .
# #..###?# ...
#.#....g.#..#
#.........g.#
####)######.#
#g######...
#.@<........[
#############


You could see Robin.

Vanquished Creatures
  An ooze (D:1)
  A dart slug (D:2)
  A giant cockroach (D:1)
  6 hobgoblins
  A jackal (D:2)
  2 kobolds (D:1)
  3 frilled lizards
  10 goblins
  2 rats (D:1)
27 creatures vanquished.

Notes
Turn   | Place    | Note
-------+----------+-------------------------------------------
     0 | D:1      | mopl the Octopode Fire Elementalist began the quest for the Orb.
     0 | D:1      | Reached XP level 1. HP: 11/11 MP: 3/3
   138 | D:1      | Reached XP level 2. HP: 9/17 MP: 5/5
   615 | D:2      | Reached XP level 3. HP: 12/21 MP: 4/6
   620 | D:2      | Learned a level 3 spell: Conjure Flame
   761 | D:1      | Reached skill level 2 in Conjurations
  1047 | D:2      | Noticed Robin
  1087 | D:2      | Slain by Robin

Skill      XL: |  1  2  3 |
---------------+----------+-----
Conjurations   | 2 |  2.1
Dodging        | |  2.0
Stealth        | |  2.6
Spellcasting   | |  2.3
Fire Magic     | |  3.6

Action                   || total
-------------------------++-------
Melee: Unarmed           ||    56
       Constrict         ||    17
       Tentacles         ||     3
 Cast: Flame Tongue      ||    13
 Stab: Sleeping          ||     7
  Eat: Chunk             ||     1
Dodge: Dodged            ||    32
